 Dungeon Crawl Stone Soup version 0.26.1-2-gb8aa6d0cf2 (webtiles) character file.

Game seed: 8296604782436632025

75493 windgrace the Fighter (level 15, -23/122 (123) HPs)
             Began as a Formicid Fighter on Feb 12, 2021.
             Was a High Priest of Vehumet.
             Killed from afar by a Tzitzimitl (26 damage)
             ... with a bolt of cold
             ... summoned by a deep elf demonologist
             ... on level 1 of the Elven Halls on Feb 13, 2021.
             The game lasted 04:12:47 (34935 turns).

windgrace the Fighter (Formicid Fighter)           Turns: 34935, Time: 04:12:48

HP:   -23/122 (123) AC: 23    Str: 37    XL:     15   Next: 98%
MP:   21/27         EV: 15    Int:  8    God:    Vehumet [*****.]
Gold: 877           SH:  0    Dex: 10    Spells: 0/30 levels left

rFire    + + +     SeeInvis +   N - +6 rapier of Ehuofa {flame, rF+ Will++}
rCold    + . .     Faith    .   c - +0 kite shield
rNeg     . . .     Spirit   .   D - +5 ring mail of Dogmatism {rF+++ Str+6 Int-2 Stlth-}
rPois    .         Reflect  +   (helmet unavailable)
rElec    .         Harm     .   s - +1 cloak
rCorr    .         Rampage  .   l - +2 pair of gloves
Will     +++..                  F - +2 pair of boots {Fly}
Stlth    ..........             S - amulet of reflection
HPRegen  0.30/turn              J - +6 ring of strength
MPRegen  0.20/turn              E - ring of wizardry

@: confused, lethally poisoned (-23 -> -46), flying, lightly drained, invisible
A: permanent stasis, dig shafts and tunnels, four strong arms, antennae 3,
iridescent scales 1, cold resistance 1, fire resistance 1
a: Dig, Shaft Self, Stop Flying, Renounce Religion


You were on level 1 of the Elven Halls.
You worshipped Vehumet.
Vehumet was extremely pleased with you.
You visited 5 branches of the dungeon, and saw 21 of its levels.

You collected 2789 gold pieces.
You spent 1912 gold pieces at shops.

Inventory:

Hand Weapons
 b - a +5 trident
 k - a +7 double sword of distortion
 N - the +6 rapier of Ehuofa (weapon) {flame, rF+ Will++}
   (You found it on level 2 of the Lair of Beasts)

   It has been specially enchanted to burn those struck by it, causing extra
   injury to most foes and up to half again as much damage against particularly
   susceptible opponents.
   It protects you from fire.
   It affects your willpower, your defense against some magical effects.
Missiles
 o - 4 atropa-tipped darts
 y - 31 boomerangs
 G - 93 poisoned darts
Armour
 c - a +0 kite shield (worn)
 l - a +2 pair of gloves (worn)
 s - a +1 cloak (worn)
 A - a +0 troll leather armour
 D - the +5 ring mail of Dogmatism (worn) {rF+++ Str+6 Int-2 Stlth-}
   (You bought it in a shop on level 2 of the Orcish Mines)

   It affects your strength (+6).
   It affects your intelligence (-2).
   It renders you almost immune to fire.
   It makes you less stealthy.
 F - a +2 pair of boots of flying (worn)
 H - a +0 chain mail
Jewellery
 d - an uncursed ring of resist corrosion
 p - an uncursed ring of stealth
 t - an uncursed ring of protection from cold
 E - a ring of wizardry (right hand)
 I - an uncursed ring of willpower
 J - a +6 ring of strength (left hand)
 Q - a cursed ring of wizardry
 S - an amulet of reflection (around neck)
 W - an uncursed ring of poison resistance
 X - an uncursed ring of wizardry
 Z - an uncursed ring of protection from fire
Wands
 q - a wand of random effects (14)
 u - a wand of flame (40)
 x - a wand of acid (17)
 B - a wand of paralysis (17)
 K - a wand of iceblast (23) (quivered)
 O - a wand of disintegration (15)
Scrolls
 a - a scroll of noise {unknown}
 e - 8 scrolls of identify
 f - 8 scrolls of remove curse
 g - 3 scrolls of fog
 h - 4 scrolls of enchant armour
 m - a scroll of fear {unknown}
 v - 7 scrolls of magic mapping
 L - a scroll of vulnerability {unknown}
 P - a scroll of holy word {unknown}
 U - a scroll of acquirement {unknown}
 Y - a scroll of enchant weapon {unknown}
Potions
 i - 2 potions of brilliance
 j - 3 potions of resistance {unknown}
 w - 3 potions of might
 M - 4 potions of flight
 T - 2 potions of mutation


   Skills:
 - Level 13.0 Fighting
 + Level 11.2(11.9) Short Blades
 - Level 7.0(10.0) Long Blades
 - Level 4.6 Axes
 - Level 4.0 Throwing
 - Level 8.7 Armour
 - Level 8.3 Dodging
 - Level 9.0 Shields
 - Level 8.0 Spellcasting
 - Level 3.0 Conjurations
 - Level 4.1 Hexes
 - Level 5.0 Summonings
 + Level 6.3 Necromancy
 - Level 4.1 Fire Magic
 - Level 5.0 Ice Magic
 - Level 6.2 Earth Magic


You couldn't memorise any spells.
You knew the following spells:

 Your Spells              Type           Power        Failure   Level
a - Borgnjor's Vile Clut  Necr/Erth      6%           21%         5
b - Corona                Hex            10%          1%          1
e - Inner Flame           Hex/Fire       9%           1%          3
f - Summon Guardian Gole  Hex/Summ       10%          4%          3
g - Call Imp              Summ           11%          1%          2
h - Frozen Ramparts       Ice            22%          1%          3
i - Lee's Rapid Deconstr  Erth           6%           6%          5
j - Summon Ice Beast      Ice/Summ       11%          12%         4
k - Animate Dead          Necr           6%           8%          4

Your spell library contained the following spells:

 Spells                   Type           Power        Failure   Level
 Ozocubu's Refrigeration  Ice            5%           41%         6
 Animate Skeleton         Necr           26%          1%          1
 Freeze                   Ice            44%          1%          1
 Magic Dart               Conj           32%          1%          1
 Summon Small Mammal      Summ           44%          1%          1
 Ensorcelled Hibernation  Hex/Ice        20%          2%          2
 Dazzling Flash           Conj/Hex       16%          2%          3
 Call Canine Familiar     Summ           11%          4%          3
 Confusing Touch          Hex            9%           6%          3
 Tukima's Dance           Hex            9%           6%          3
 Apportation              Tloc           6%           10%         1
 Summon Lightning Spire   Summ/Air       7%           32%         4
 Death Channel            Necr           6%           69%         6
 Simulacrum               Ice/Necr       6%           78%         6


Dungeon Overview and Level Annotations

Branches:
Dungeon (11/15)            Temple (0/1) D:6            Lair (6/6) D:9
 Shoals (0/4) Lair:3       Spider (0/4) Lair:2        Slime (1/5) Lair:6
    Orc (2/2) D:11            Elf (1/3) Orc:2

Altars:
Cheibriados
Dithmenos
Elyvilon
Makhleb
Nemelex Xobeh
Okawaru
Ru
Sif Muna
Uskayaw
Vehumet
Wu Jian
Xom
Zin

Shops:
D:5 (   Orc:2 ((}[*

Portals:
Hell: Lair:6


Innate Abilities, Weirdness & Mutations

You cannot be hasted, slowed, berserked, paralysed or teleported.
You can dig through walls and to a lower floor.
Your four strong arms can wield two-handed weapons with a shield.
You have a pair of large antennae on your head. (SInv)
You are partially covered in iridescent scales. (AC +2)
Your flesh is cold resistant. (rC+)
Your flesh is heat resistant. (rF+)


Message History

You feel sick.
You feel sick. The fire elemental hits you.
* * * LOW HITPOINT WARNING * * *
The +3 halberd of venom hits you from afar.
* * * LOW HITPOINT WARNING * * *
You are more poisoned.
The Tzitzimitl engulfs you!
* * * LOW HITPOINT WARNING * * *
The Tzitzimitl completely misses you.
The reaper shouts, "I have come for you, windgrace!"
The fire elemental hits you.
You fade into invisibility!
You feel sick.
The +3 halberd of venom hits you from afar!
* * * LOW HITPOINT WARNING * * *
You are more poisoned.
The reaper draws a finger across its throat.
The Tzitzimitl gestures at you. The bolt of cold hits you!! You resist.
You die...

#..## ##.......##
##.###○ #.## ##.....##
### #) #.# ##...## #{
#.##########2##
########○
#.##.......°.#
#.......{
#.##)######..#
#>###.##E
#.......###(○##
#.....#8.
####.##...1E..###
#####.# #.###..@.....#
#.# #.###.##...#.# #.#
#....)....##.#######.#
#####.###............#
{ #.# #.##.######### {
#.# #)##.#
########.###.##.#
#...............# {
#.######.###.####


You could see a Tzitzimitl (summoned), a reaper (summoned), a fire elemental and
a +3 halberd of venom.

Vanquished Creatures
  Rupert (Orc:2)
  A deep elf sorcerer (Elf:1)
  Snorg (D:10)
  8 hydras
  A centaur warrior (Orc:2)
  A catoblepas (Lair:4)
  4 dancing weapons (Elf:1)
  Urug (Lair:5)
  3 deep elf knights (Elf:1)
  A sun demon (Lair:6)
  A wizard (Lair:6)
  2 orc knights (Orc:2)
  4 deep elf archers (Elf:1)
  An orb spider (Lair:2)
  20 deep elf magi
  2 orc sorcerers
  2 ugly things
  A manticore (D:11)
  21 elephants
  5 black mambas
  A gargoyle (D:9)
  12 cane toads
  9 komodo dragons
  3 ice devils (Lair:6)
  7 rime drakes
  A hellwing (Lair:6)
  3 polar bears
  2 red devils (Lair:6)
  Prince Ribbit (D:5)
  3 trolls
  11 blink frogs
  6 dream sheep
  Sigmund (D:2)
  A water elemental (Elf:1)
  34 yaks
  2 basilisks
  4 wyverns
  Grum (D:11)
  2 fire elementals (Elf:1)
  3 hell hounds (Lair:6)
  13 water moccasins
  3 sky beasts
  24 orc warriors
  2 black bears
  An ice beast (D:6)
  An eye of draining (D:10)
  A necrophage (D:10)
  12 ogres
  2 phantoms (D:7)
  18 wolves
  10 centaurs
  3 nameless horrors
  A big kobold (D:7)
  18 bullfrogs
  3 earth elementals (Elf:1)
  5 scorpions
  9 killer bees
  15 wights
  3 howler monkeys
  4 electric eels
  A centaur zombie (D:10)
  2 bullfrog zombies
  3 jellies
  8 hounds
  8 orc priests
  14 orc wizards
  A centaur skeleton (D:8)
  A bullfrog skeleton (D:9)
  2 iguanas
  7 hell rats
  10 worker ants
  2 hound zombies
  A hound skeleton (D:7)
  A worker ant zombie (D:11)
  5 gnolls
  13 adders
  11 river rats (Lair:6)
  3 shadow imps
  2 white imps
  2 ufetubi
  An ooze (D:2)
  2 adder skeletons
  5 worms
  3 dart slugs (D:1)
  4 leopard geckos
  62 orcs
  7 giant cockroaches
  6 goblins
  6 hobgoblins
  19 jackals
  9 kobolds
  2 quokkas
  2 ball pythons
  7 bats
  4 frilled lizards
  5 rats
577 creatures vanquished.

Vanquished Creatures (collateral kills)
  2 hydras (Lair:6)
  A deep elf knight (Elf:1)
  A lindwurm (Lair:6)
  2 komodo dragons (Lair:5)
  A polar bear (Lair:5)
  A dream sheep (Lair:4)
  A basilisk (Lair:4)
  A yak (Lair:6)
  The ghost of KittyFluff the Cudgeller, an amateur GrBe of Trog (D:6)
  A water moccasin (Lair:6)
  4 orc warriors (Orc:2)
  2 centaurs (Orc:2)
  A wolf (Lair:6)
  An ogre (Orc:2)
  3 bullfrogs
  3 wights
  A crimson imp (D:8)
  A bullfrog zombie (D:6)
  An orc wizard (D:11)
  A hell rat (Lair:5)
  A worker ant zombie (D:8)
  An adder zombie (D:6)
  An orc (Orc:2)
  A kobold (D:7)
  A quokka (D:9)
35 creatures vanquished.

Vanquished Creatures (others)
  2 deep elf magi (Elf:1)
  An orange demon (Lair:6)
  A water elemental (Elf:1)
  4 yaks (Lair:4)
  A water moccasin (Lair:6)
  A wolf (Lair:5)
  An earth elemental (Elf:1)
  An orc wizard (D:5)
  49 fungi
  48 plants
109 creatures vanquished.

Grand Total: 721 creatures vanquished

Notes
Turn   | Place    | Note
-------+----------+-------------------------------------------
     0 | D:1      | windgrace the Formicid Fighter began the quest for the Orb.
     0 | D:1      | Reached XP level 1. HP: 18/18 MP: 1/1
    12 | D:1      | Reached XP level 2. HP: 15/24 MP: 2/2
   191 | D:1      | Reached XP level 3. HP: 29/29 MP: 3/3
  1227 | D:2      | Reached XP level 4. HP: 33/37 MP: 4/4
  1609 | D:2      | Noticed Sigmund
  1636 | D:2      | Killed Sigmund
  1637 | D:2      | Reached skill level 4 in Fighting
  1637 | D:2      | Reached XP level 5. HP: 31/43 MP: 5/5
  1637 | D:2      | Reached XP level 6. HP: 35/49 MP: 6/6
  2060 | D:2      | Noticed an ogre
  2349 | D:2      | Killed an ogre
  2350 | D:2      | Reached skill level 5 in Shields
  3100 | D:3      | Reached XP level 7. HP: 55/55 MP: 7/7
  3900 | D:4      | Reached skill level 5 in Fighting
  3900 | D:4      | Reached skill level 5 in Armour
  4914 | D:5      | Entered Level 5 of the Dungeon
  5013 | D:5      | Reached XP level 8. HP: 60/63 MP: 8/8
  5192 | D:5      | Reached skill level 1 in Axes
  5775 | D:5      | Noticed Prince Ribbit
  5801 | D:5      | HP: 1/64 [Prince Ribbit (9)]
  6130 | D:5      | Killed Prince Ribbit
  6131 | D:5      | Reached skill level 6 in Fighting
  6424 | D:5      | Reached XP level 9. HP: 66/69 MP: 9/9
  6511 | D:5      | Found Ruxy's Weapon Emporium.
  6702 | D:6      | Found a radiant altar of Vehumet.
  7015 | D:6      | Learned a level 1 spell: Summon Small Mammal
  7017 | D:6      | Learned a level 1 spell: Corona
  7038 | D:6      | Became a worshipper of Vehumet
  7346 | D:6      | Noticed KittyFluff's ghost (amateur GrBe)
  7350 | D:6      | Found a transporter.
  7399 | D:6      | Gained mutation: Your flesh is cold resistant. (rC+)
                  | [potion of mutation]
  7399 | D:6      | Gained mutation: You are partially covered in iridescent
                  | scales. (AC +2) [potion of mutation]
  7399 | D:6      | Gained mutation: Your flesh is heat resistant. (rF+)
                  | [potion of mutation]
  7534 | D:6      | Found a transporter.
  7565 | D:6      | Killed KittyFluff's ghost
  7567 | D:6      | Reached skill level 1 in Hexes
  7751 | D:6      | Reached skill level 1 in Spellcasting
  7793 | D:6      | Found a staircase to the Ecumenical Temple.
  7820 | D:6      | You fall into a shaft and drop 1 floor!
  7998 | D:7      | Reached skill level 7 in Fighting
  8151 | D:7      | Reached * piety under Vehumet
  8151 | D:7      | Offered knowledge of Magic Dart by Vehumet.
  8160 | D:7      | Reached XP level 10. HP: 75/79 MP: 11/13
  8170 | D:7      | Reached skill level 5 in Long Blades
  8185 | D:7      | Learned a level 1 spell: Magic Dart
  8845 | D:8      | Found a burning altar of Makhleb.
  8848 | D:8      | Reached skill level 1 in Conjurations
  8848 | D:8      | Found a shimmering altar of Xom.
  9357 | D:8      | Offered knowledge of Freeze by Vehumet.
  9362 | D:8      | Learned a level 1 spell: Freeze
  9370 | D:8      | Reached ** piety under Vehumet
 10282 | D:9      | Found a staircase to the Lair.
 10321 | Lair:1   | Entered Level 1 of the Lair of Beasts
 11133 | Lair:1   | Reached skill level 8 in Fighting
 11133 | Lair:1   | Noticed a komodo dragon
 11144 | Lair:1   | Killed a komodo dragon
 11145 | Lair:1   | Reached skill level 1 in Dodging
 11528 | Lair:1   | Reached XP level 11. HP: 50/86 MP: 15/15
 12329 | Lair:2   | Noticed a seven-headed hydra
 12523 | Lair:2   | Noticed an elephant
 12524 | Lair:2   | Noticed an elephant
 12534 | Lair:2   | Noticed an elephant
 12537 | Lair:2   | Noticed an elephant
 12584 | Lair:1   | Offered knowledge of Inner Flame by Vehumet.
 12585 | Lair:1   | Reached skill level 5 in Dodging
 12597 | Lair:1   | Killed an elephant
 12610 | Lair:1   | Killed an elephant
 12615 | Lair:1   | Learned a level 3 spell: Inner Flame
 13289 | Lair:1   | Killed an elephant
 13502 | Lair:2   | Killed an elephant
 13762 | Lair:1   | Killed a seven-headed hydra
 14293 | Lair:2   | Got a crystal rapier
 14294 | Lair:2   | Identified the +6 rapier of Ehuofa {flame, rF+ Will++} (You
                  | found it on level 2 of the Lair of Beasts)
 14457 | Lair:2   | Found a hole to the Spider Nest.
 14457 | Lair:2   | Noticed an orb spider
 14477 | Lair:2   | Killed an orb spider
 14478 | Lair:2   | Reached skill level 1 in Short Blades
 14478 | Lair:2   | Reached skill level 1 in Fire Magic
 14874 | Lair:2   | Reached XP level 12. HP: 92/92 MP: 17/17
 16295 | Lair:3   | Reached skill level 5 in Spellcasting
 16574 | Lair:3   | Noticed an eight-headed hydra
 16614 | Lair:2   | HP: 3/92 [eight-headed hydra (4)]
 17055 | Lair:2   | Killed an eight-headed hydra
 17055 | Lair:2   | Reached *** piety under Vehumet
 17150 | Lair:3   | Reached skill level 5 in Short Blades
 17476 | Lair:3   | Found a staircase to the Shoals.
 17578 | Lair:3   | Reached skill level 9 in Fighting
 17649 | Lair:3   | Learned a level 3 spell: Summon Guardian Golem
 17681 | Lair:3   | Reached skill level 1 in Summonings
 18324 | Lair:4   | Learned a level 2 spell: Call Imp
 18468 | Lair:4   | Reached XP level 13. HP: 97/101 MP: 17/22
 18478 | Lair:4   | Noticed a catoblepas
 18504 | Lair:4   | Killed a catoblepas
 20075 | Lair:5   | Noticed a six-headed hydra
 20110 | Lair:4   | Offered knowledge of Frozen Ramparts by Vehumet.
 20115 | Lair:4   | Learned a level 3 spell: Frozen Ramparts
 20605 | Lair:4   | Killed a six-headed hydra
 20946 | Lair:5   | Reached skill level 10 in Fighting
 20950 | Lair:5   | Noticed Urug
 21221 | Lair:5   | Reached skill level 1 in Ice Magic
 21623 | Lair:5   | You fall into a shaft and drop 1 floor!
 21623 | Lair:6   | Entered Level 6 of the Lair of Beasts
 22652 | Lair:5   | Killed Urug
 22904 | Lair:6   | Noticed an eight-headed hydra
 22937 | Lair:5   | Killed an eight-headed hydra
 23446 | Lair:6   | Noticed a six-headed hydra
 23453 | Lair:6   | Killed a six-headed hydra
 23552 | Lair:6   | Reached **** piety under Vehumet
 23580 | Lair:6   | Offered knowledge of Lee's Rapid Deconstruction by Vehumet.
 23600 | Lair:6   | Learned a level 5 spell: Lee's Rapid Deconstruction
 23793 | Lair:6   | Found a staircase to the Slime Pits.
 23796 | Lair:6   | Noticed a five-headed hydra
 23808 | Lair:6   | Killed a five-headed hydra
 23809 | Lair:6   | Reached skill level 1 in Earth Magic
 23870 | Lair:6   | Noticed a six-headed hydra
 23880 | Lair:6   | Killed a six-headed hydra
 23978 | Slime:1  | Entered Level 1 of the Pits of Slime
 23978 | Slime:1  | Noticed a death ooze
 24023 | Lair:6   | Reached skill level 11 in Fighting
 24028 | Lair:6   | Reached XP level 14. HP: 112/113 MP: 24/24
 24930 | Lair:6   | Reached skill level 5 in Earth Magic
 25075 | Lair:6   | Found a burning altar of Makhleb.
 25194 | Lair:6   | Reached ***** piety under Vehumet
 25194 | Lair:6   | Offered knowledge of Irradiate by Vehumet.
 25195 | Lair:6   | Reached skill level 12 in Fighting
 25200 | Lair:6   | Learned a level 4 spell: Summon Ice Beast
 25472 | Lair:6   | Found a gateway to Hell.
 27653 | D:9      | Found a snail-covered altar of Cheibriados.
 27653 | D:9      | Found a sacrificial altar of Ru.
 27665 | D:9      | Found a white marble altar of Elyvilon.
 27668 | D:9      | Found a sparkling altar of Nemelex Xobeh.
 27669 | D:9      | Found a hide-covered altar of Uskayaw.
 27669 | D:9      | Found a radiant altar of Vehumet.
 27669 | D:9      | Found an ornate altar of the Wu Jian Council.
 27669 | D:9      | Found a shimmering blue altar of Sif Muna.
 27669 | D:9      | Found an iron altar of Okawaru.
 27673 | D:9      | Found a shadowy altar of Dithmenos.
 27674 | D:9      | Found a glowing silver altar of Zin.
 27936 | D:10     | Entered Level 10 of the Dungeon
 27960 | D:10     | Noticed Snorg
 27982 | D:10     | Killed Snorg
 29220 | D:11     | Noticed Grum
 29230 | D:11     | Killed Grum
 29231 | D:11     | Reached skill level 5 in Ice Magic
 29534 | D:11     | Found a staircase to the Orcish Mines.
 29546 | D:11     | Offered knowledge of Olgreb's Toxic Radiance by Vehumet.
 29552 | D:11     | Learned a level 4 spell: Animate Dead
 29607 | Orc:1    | Entered Level 1 of the Orcish Mines
 29620 | Orc:1    | Reached skill level 10 in Short Blades
 29637 | Orc:1    | Reached XP level 15. HP: 87/122 MP: 23/26
 30062 | Orc:2    | Entered Level 2 of the Orcish Mines
 30160 | Orc:2    | Found a staircase to the Elven Halls.
 30417 | Orc:2    | Reached skill level 1 in Necromancy
 30513 | Orc:2    | Noticed Rupert
 30549 | Orc:2    | Killed Rupert
 30861 | Orc:2    | Reached skill level 5 in Summonings
 31108 | Orc:2    | Found a radiant altar of Vehumet.
 31502 | Orc:2    | Found Besuer Jaeg's General Store.
 31510 | Orc:2    | Bought a potion of ambrosia for 96 gold pieces
 31510 | Orc:2    | Bought a scroll of fog for 24 gold pieces
 31510 | Orc:2    | Bought a book of Maledictions for 300 gold pieces
 31519 | Orc:2    | Learned a level 5 spell: Borgnjor's Vile Clutch
 31599 | Orc:2    | Found Fitaifey's Gadget Boutique.
 31599 | Orc:2    | Found Omoantoq's Antique Weapon Shoppe.
 31601 | Orc:2    | Found Buro's Weapon Emporium.
 31603 | Orc:2    | Found Lacsyuqe's Armour Shop.
 31617 | Orc:2    | Bought the +5 ring mail of Dogmatism {rF+++ Str+6 Int-2
                  | Stlth-} for 1170 gold pieces
 31617 | Orc:2    | Bought a +2 pair of boots of flying for 322 gold pieces
 31818 | Elf:1    | Entered Level 1 of the Elven Halls
 31997 | Orc:2    | Reached skill level 1 in Throwing
 32590 | Orc:2    | Reached skill level 13 in Fighting
 33408 | Elf:1    | Noticed a deep elf sorcerer
 33530 | Elf:1    | Offered knowledge of Ozocubu's Refrigeration by Vehumet.
 33581 | Elf:1    | Reached skill level 5 in Necromancy
 34131 | Elf:1    | Noticed a deep elf sorcerer
 34174 | Elf:1    | Killed a deep elf sorcerer
 34903 | Elf:1    | Noticed a Tzitzimitl
 34906 | Elf:1    | Noticed a reaper
 34935 | Elf:1    | HP: 3/122 [+3 halberd of venom (7)]
 34935 | Elf:1    | Killed from afar by a Tzitzimitl

Illustrated notes

Levels and vault maps discovered:
D:1:      erik_arrival_blinker_ship, layout_basic
D:2:      layout_basic, uniq_sigmund
D:3:      layout_basic
D:4:      layout_basic, st_stairs_7
D:5:      layout_gridville, serial_shops, kennysheep_mini_moat,
          uniq_prince_ribbit1
D:6:      layout_basic, minmay_temple_entry_slanted, gammafunk_ghost_arena,
          vehumet_altar_wand_db
D:7:      layout_rooms, patterned_corridor
D:8:      layout_basic, grunt_temple_overflow_champion_of_chaos,
          bh_walls_and_bars
D:9:      layout_roguey, minitemple, grunt_lair_entry_orc_guard_hut
D:10:     hangedman_cross_stitches, layout_basic, minmay_crystal_water,
          uniq_snorg
D:11:     layout_roguey, orc_0_dummy, grunt_ministairs_12, minivault_5,
          minmay_librarian, uniq_grum
Lair:1:   layout_chaotic_city, nicolae_quartered_pool_super
Lair:2:   layout_layer_cave, nicolae_spider_entry_orb_guardian,
          gauntlet_entry_generic, grunt_megastairs_5, lemuel_fruit_fields
Lair:3:   layout_hall_layers, minmay_shoals_entry_centaurs,
          infiniplex_staircase_pool, grunt_megastairs_3, serial_bayou_shore_b
Lair:4:   layout_small_grid, grunt_megastairs_4
Lair:5:   layout_cave_pods, uniq_urug
Lair:6:   evil_forest, layout_small_grid, slime_dummy, kennysheep_rathole
Slime:1:  layout_caves
Orc:1:    layout_diamond_mine, mines2_lemuel, uniq_josephine
Orc:2:    st_orc_rangers, layout_caves, basic_altar, serial_shops,
          nicolae_shop_waterfront, nicolae_orc_lava_room, uniq_rupert
Elf:1:    elf_arrival_002, layout_loops_corners, orc_legates, drop_trap

Skill      XL: |  1  2  3  4  5  6  7  8  9 10 11 12 13 14 15 |
---------------+----------------------------------------------+-----
Shields        | 4 5 6 7 9 |  9.0
Fighting       | 4 5 6 7 8 9 11 12 13 | 13.0
Long Blades    | 3 4 6 7 |  7.0
Armour         | 4 5 6 7 8 |  8.7
Axes           | 3 4 |  4.6
Hexes          | 2 4 |  4.1
Spellcasting   | 2 3 6 7 8 |  8.0
Conjurations   | 3 |  3.0
Dodging        | 2 8 |  8.3
Short Blades   | 1 5 8 10 11 | 11.2
Fire Magic     | 1 4 |  4.1
Summonings     | 2 4 5 |  5.0
Ice Magic      | 4 5 |  5.0
Earth Magic    | 2 6 |  6.2
Necromancy     | 6 |  6.3
Throwing       | 4 |  4.0

Action                   |  1- 3 |  4- 6 |  7- 9 | 10-12 | 13-15 || total
-------------------------+-------+-------+-------+-------+-------++-------
Melee: Long sword        |    62 |    42 |       |       |       ||   104
       Falchion          |       |    78 |   200 |   398 |       ||   676
       Hand axe          |       |       |   208 |       |       ||   208
       Great sword       |       |       |    47 |       |       ||    47
       War axe           |       |       |    10 |       |       ||    10
       Rapier            |       |       |       |   254 |   984 ||  1238
       Trident           |       |       |       |    14 |       ||    14
Throw: Dart              |       |       |     1 |       |    20 ||    21
 Cast: Corona            |       |       |    26 |    56 |     2 ||    84
       Summon Small Mamm |       |       |    12 |    51 |     1 ||    64
       Magic Dart        |       |       |       |    12 |    43 ||    55
       Freeze            |       |       |       |     1 |       ||     1
       Inner Flame       |       |       |       |    10 |    58 ||    68
       Summon Guardian G |       |       |       |     6 |    54 ||    60
       Call Imp          |       |       |       |     3 |   168 ||   171
       Frozen Ramparts   |       |       |       |       |   115 ||   115
       Summon Ice Beast  |       |       |       |       |    30 ||    30
       Lee's Rapid Decon |       |       |       |       |    41 ||    41
       Borgnjor's Vile C |       |       |       |       |    16 ||    16
       Animate Dead      |       |       |       |       |     3 ||     3
 Abil: Dig               |    13 |     6 |     7 |     4 |     8 ||    38
Evoke: Wand              |       |       |     3 |     1 |     2 ||     6
  Use: Potion            |       |     1 |    12 |    13 |    11 ||    37
       Scroll            |       |       |     7 |     4 |    10 ||    21
 Stab: Invisible         |       |       |     2 |       |       ||     2
       Paralysed         |       |       |       |     3 |       ||     3
       Distracted        |       |       |       |     1 |     3 ||     4
       Held in net/web   |       |       |       |     1 |       ||     1
Armor: Scale mail        |    22 |    35 |   146 |   196 |   136 ||   535
       Skin              |       |       |       |    44 |     5 ||    49
       Chain mail        |       |       |       |       |    31 ||    31
       Ring mail         |       |       |       |       |    33 ||    33
       Troll leather arm |       |       |       |       |     4 ||     4
Dodge: Dodged            |    12 |    25 |   139 |   274 |   367 ||   817
Block: Kite shield       |    22 |    47 |   219 |   484 |   812 ||  1584
       Reflection        |       |       |       |     2 |    83 ||    85
       Rpst.: Long sword |     5 |     1 |       |       |       ||     6
       Falchion          |       |     5 |    20 |    57 |       ||    82
       Great sword       |       |       |     4 |       |       ||     4
